 Dungeon Crawl Stone Soup version 0.17.2-1-ge4368a0 (webtiles) character file.

296 Goblin1989 the Insei (level 6, 0/43 HPs)
             Began as an Octopode Monk on Oct 23, 2016.
             Was an Initiate of Gozag.
             Succumbed to an orc's poison
             ... on level 4 of the Dungeon.
             The game lasted 00:07:01 (2856 turns).

Goblin1989 the Insei (Octopode Monk)                Turns: 2856, Time: 00:07:01

Health: 0/43       AC:  1    Str:  7 (11) XL:     6   Next: 35%
Magic:  6/6        EV: 14    Int: 12      God:    Gozag
Gold:   364        SH:  0    Dex: 16      Spells: 0 memorised, 5 levels left

rFire  . . .     SeeInvis .       - Unarmed
rCold  . . .     Clarity  .     (no shield)
rNeg   + . .     SustAt   .     (helmet restricted)
rPois  .         Gourm    .     (no amulet)
rElec  .         Spirit   .     c - ring of positive energy
rCorr  .         Warding  .     (no ring)
rMut   .         Stasis   .     (no ring)
MR     .....                    (no ring)
Stlth  +++.......               (no ring)
                                (no ring)
                                (no ring)
                                (no ring)

@: lethally poisoned (0 -> -12), not resistant to hostile enchantments, fairly
stealthy
A: almost no armour, amphibious, 8 rings, constrict 8, camouflage 1, gelatinous
body 1
a: Potion Petition, Call Merchant, Bribe Branch, Renounce Religion


You were on level 4 of the Dungeon.
You worshipped Gozag.
Gozag was noncommittal.
You were very hungry.

You visited 1 branch of the dungeon, and saw 4 of its levels.

You collected 364 gold pieces.

Inventory:

Jewellery
 c - a ring of positive energy (left tentacle)
Scrolls
 d - 5 scrolls of remove curse {unknown}
 e - 4 scrolls of blinking {unknown}
 f - a scroll of enchant armour {unknown}
 h - 2 scrolls of identify {unknown}
 i - 2 scrolls of magic mapping {unknown}
 j - a scroll of immolation {unknown}
 o - 2 scrolls of noise {unknown}
 p - a scroll of teleportation {unknown}
Potions
 b - a potion of haste {unknown}
 g - a potion of ambrosia {unknown}
 l - a potion of degeneration {!q}
 n - a potion of curing {unknown}
Comestibles
 a - 4 bread rations {@e1}
 k - 3 fruits
 m - a meat ration {@e2}
 q - a beef jerky


   Skills:
 + Level 3.7 Fighting
 + Level 3.6 Dodging
 - Level 2.6 Stealth
 + Level 6.7 Unarmed Combat


You had 5 spell levels left.
You didn't know any spells.

Dungeon Overview and Level Annotations

Branches:
Dungeon (4/15)             Temple (0/1) D:4

Altars:
Gozag
Kikubaaqudgha
Sif Muna
Trog


Innate Abilities, Weirdness & Mutations

You cannot wear most types of armour.
You are amphibious.
You can wear up to eight rings at the same time.
You can use your tentacles to constrict eight enemies at once.
Your skin changes colour to match your surroundings (Stealth).
Your rubbery body absorbs attacks (AC +1).


Message History

* * * LOW HITPOINT WARNING * * *
You feel sick.
The orc wizard is no longer distracted by gold.
The orc barely misses you. x2
The orc hits you with a dagger.
* * * LOW HITPOINT WARNING * * *
The orc wizard is distracted by the nearby gold.
You take 7 damage, and have 1/43 hp.
Drink which item? (? for menu, Esc to quit)
You can't drink that!
Unknown command.
Eat which item? (? for menu, Esc to quit)
Okay, then.
Drink which item? (? for menu, Esc to quit)
It was a potion of degeneration.
There was something very wrong with that liquid.
You feel weakened.
You constrict the orc, but do no damage.
You die...
Your body crumbles into a pile of gold. .......██.█ ███...███.█ .. █ █████ █.█ █.█.█ █ █.█ █.█.█ ██████ .█ ██.█.█ .....█ .█ ██..o.█ ████.█ ?..o.█ █.█ .██████.ol█ █.█ (.....o@$█ █.█ ████████$█

█.█ █.█ ████.█
█.██████████████
█....██
█..............██
......██.██
█.████████████...
█.█.█.█ ... ...█
█.██ ......█ ..█
█


█████ █.█ ....█.█ ...█. █.█ You could see an iguana, an orc wizard (unaware) and
3 orcs.

Vanquished Creatures
  A hound (D:4)
  An orc wizard (D:4)
  2 orc priests (D:4)
  A worker ant (D:4)
  6 adders
  An ooze (D:1)
  3 worms
  2 giant geckos (D:1)
  4 orcs
  A ball python (D:3)
  8 giant cockroaches
  8 hobgoblins
  2 jackals (D:4)
  8 kobolds
  A quokka (D:4)
  9 bats
  2 giant newts
  8 goblins
  A jackal skeleton (D:4)
  8 rats
77 creatures vanquished.

Notes
Turn   | Place    | Note
--------------------------------------------------------------
     0 | D:1      | Goblin1989 the Octopode Monk began the quest for the Orb.
     0 | D:1      | Reached XP level 1. HP: 16/16 MP: 1/1
   266 | D:1      | Reached XP level 2. HP: 11/21 MP: 2/2
   857 | D:1      | Reached XP level 3. HP: 21/26 MP: 3/3
  1055 | D:2      | Reached skill level 5 in Unarmed Combat
  1141 | D:2      | Found a bloodstained altar of Trog.
  1532 | D:2      | Reached XP level 4. HP: 27/31 MP: 4/4
  1861 | D:2      | Found an ancient bone altar of Kikubaaqudgha.
  2217 | D:3      | Reached skill level 6 in Unarmed Combat
  2348 | D:3      | Found an opulent altar of Gozag.
  2356 | D:3      | Became a worshipper of Gozag Ym Sagoz the Greedy
  2398 | D:3      | Reached XP level 5. HP: 29/36 MP: 5/5
  2608 | D:3      | Found a deep blue altar of Sif Muna.
  2714 | D:4      | Found a staircase to the Ecumenical Temple.
  2818 | D:4      | Reached XP level 6. HP: 33/42 MP: 6/6
  2855 | D:4      | HP: 1/43 [orc/dagger (6)]
  2856 | D:4      | Succumbed to an orc's poison

Action                   |  1- 3 |  4- 6 || total
-------------------------+-------+-------++-------
Melee: Unarmed           |    67 |    89 ||   156
  Use: Potion            |       |     1 ||     1
 Stab: Sleeping          |    12 |    13 ||    25
       Distracted        |       |     1 ||     1
  Eat: Chunk             |     2 |     3 ||     5

Vault maps used:
D:1:      dpeg_arrival_sounds_slurp, hangedman_abyss_or_decor_lesser_grid
D:2:      bloody_trog, kiku_gazebo_pond_becter, minmay_misc_feat_more_columns
D:3:      lemuel_coloured_pillars_altar, nicolae_gozag_seed_capital, first_bread
D:4:      minmay_temple_entry_glass
